 Dungeon Crawl Stone Soup version 0.26.1-11-gd32895ea62 (webtiles) character file.

Game seed: 15946948024831340251

532 jlumianski the Grasshopper (level 7, -7/56 HPs)
             Began as a Gnoll Warper on July 8, 2021.
             Killed by nerve-wracking pain
             ... invoked by Menkaure
              (13 damage)
             ... on level 4 of the Dungeon.
             The game lasted 00:16:21 (3108 turns).

jlumianski the Grasshopper (Gnoll Warper)           Turns: 3108, Time: 00:16:22

Health: -7/56      AC:  6    Str: 13    XL:     7   Next: 24%
Magic:  15/15      EV: 14    Int: 18    God:
Gold:   183        SH:  5    Dex: 20    Spells: 12/17 levels left

rFire    . . .     SeeInvis .   k - +2 dagger (venom)
rCold    . . .     Faith    .   (no shield)
rNeg     . . .     Spirit   .   j - +0 ring mail
rPois    .         Reflect  +   i - +0 helmet
rElec    .         Harm     .   (no cloak)
rCorr    .         Rampage  .   (no gloves)
Will     .....                  (no boots)
Stlth    ++........             v - amulet of reflection
HPRegen  0.18/turn              y - +6 ring of dexterity
MPRegen  0.14/turn              (no ring)

@: no status effects
A: distributed training, fangs 1, strong nose
a: no special abilities


You were on level 4 of the Dungeon.
You visited 1 branch of the dungeon, and saw 4 of its levels.

You collected 183 gold pieces.

Inventory:

Hand Weapons
 a - a +0 hand axe
 k - a +2 dagger of venom (weapon)
 m - a +0 hunting sling
Missiles
 e - 5 boomerangs of dispersal (quivered)
 g - 75 stones
 r - 15 sling bullets
 t - 4 silver boomerangs
 z - 5 poisoned darts
Armour
 b - a +0 leather armour
 i - a +0 helmet (worn)
 j - a +0 ring mail (worn)
Jewellery
 v - an amulet of reflection (around neck)
 y - a +6 ring of dexterity (left hand)
Scrolls
 c - a scroll of teleportation
 d - a scroll of blinking
 l - 5 scrolls of identify
 p - a scroll of remove curse
 q - a scroll of fog {unknown}
 s - 2 scrolls of magic mapping {unknown}
 w - a scroll of immolation {unknown}
Potions
 f - 2 potions of flight {unknown}
 h - a potion of heal wounds {unknown}
 n - a potion of curing
 o - a potion of mutation {unknown}
 u - a potion of cancellation {unknown}
 x - a potion of degeneration {unknown}


   Skills:
 + Level 5.2 Fighting
 + Level 2.3 Short Blades
 + Level 2.3 Long Blades
 + Level 5.2 Axes
 + Level 2.3 Maces & Flails
 + Level 2.3 Polearms
 + Level 2.3 Staves
 + Level 2.3 Slings
 + Level 2.3 Bows
 + Level 2.3 Crossbows
 + Level 3.5 Throwing
 + Level 3.5 Armour
 + Level 5.2 Dodging
 + Level 2.3 Stealth
 + Level 2.3 Shields
 + Level 2.3 Unarmed Combat
 + Level 5.5 Spellcasting
 + Level 1.9 Conjurations
 + Level 1.9 Hexes
 + Level 1.9 Summonings
 + Level 1.9 Necromancy
 + Level 5.8 Translocations
 + Level 1.9 Transmutations
 + Level 1.9 Fire Magic
 + Level 1.9 Ice Magic
 + Level 1.9 Air Magic
 + Level 1.9 Earth Magic
 + Level 1.9 Poison Magic
 + Level 2.6 Invocations
 + Level 2.3 Evocations


You had 12 spell levels left.
You knew the following spells:

 Your Spells              Type           Power        Failure   Level
a - Blink                 Tloc           N/A          3%          2
b - Gell's Gravitas       Tloc           12%          7%          3

Your spell library contained the following spells:

 Spells                   Type           Power        Failure   Level
 Lesser Beckoning         Tloc           12%          7%          3
 Teleport Other           Tloc           25%          7%          3
 Passage of Golubria      Tloc           N/A          24%         4


Dungeon Overview and Level Annotations

Branches:
Dungeon (4/15)
 Temple: D:4-7

Altars:
Makhleb
Nemelex Xobeh
Trog

Annotations:
D:4 Menkaure


Innate Abilities, Weirdness & Mutations

Your experience applies equally to all skills.
You have very sharp teeth.
Your uncanny sense of smell can sniff out nearby items.


Message History

Menkaure seems to speed up.
You feel a bit more experienced.
With Pikel's spell broken, his former minion thanks you for its freedom.
The lemure departs this earthly plane.
You have reached level 7!
There is an open door here.
There is an open door here.
There is a stone staircase leading down here.
Menkaure whispers a few words.
There is an open door here.
Menkaure calls on the powers of darkness!
Your body is wracked with pain!
* * * LOW HITPOINT WARNING * * *
Menkaure breathes soot at you.
Menkaure calls on the powers of darkness!
Your body is wracked with pain!
* * * LOW HITPOINT WARNING * * *
Menkaure gestures at you while chanting.
Pain shoots through your body!
You die...

#...##........#....#
#.............+....#
+.......##....#....#####
#+####..##....#........#
#........#........#
+........#........###
#..####M##...........
#..#.................
#..#.......@.........
####.................
#.................
#.................
#.................
#....<............
#.................
#.................
#.................


You could see Menkaure (fast).

Vanquished Creatures
  Pikel (D:4)
  Sigmund (D:4)
  4 adders
  4 worms
  A dart slug (D:2)
  2 leopard geckos (D:3)
  5 orcs (D:3)
  11 bats
  A giant cockroach (D:1)
  6 goblins
  10 hobgoblins
  5 jackals
  A quokka (D:2)
  2 ball pythons (D:1)
  5 frilled lizards
  11 kobolds
  17 rats
87 creatures vanquished.

Notes
Turn   | Place    | Note
-------+----------+-------------------------------------------
     0 | D:1      | jlumianski the Gnoll Warper began the quest for the Orb.
     0 | D:1      | Reached XP level 1. HP: 20/20 MP: 6/6
   255 | D:1      | Reached XP level 2. HP: 26/26 MP: 7/7
   265 | D:1      | Learned a level 2 spell: Blink
   724 | D:2      | Reached skill level 5 in Spellcasting
   724 | D:2      | Reached XP level 3. HP: 17/31 MP: 2/9
   980 | D:2      | Reached skill level 1 in Invocations
  1049 | D:2      | Learned a level 3 spell: Gell's Gravitas
  1206 | D:2      | Reached skill level 1 in Short Blades
  1206 | D:2      | Reached skill level 1 in Long Blades
  1206 | D:2      | Reached skill level 1 in Maces & Flails
  1206 | D:2      | Reached skill level 1 in Polearms
  1206 | D:2      | Reached skill level 1 in Staves
  1206 | D:2      | Reached skill level 1 in Slings
  1206 | D:2      | Reached skill level 1 in Bows
  1206 | D:2      | Reached skill level 1 in Crossbows
  1206 | D:2      | Reached skill level 1 in Stealth
  1206 | D:2      | Reached skill level 1 in Shields
  1206 | D:2      | Reached skill level 1 in Unarmed Combat
  1206 | D:2      | Reached skill level 1 in Evocations
  1363 | D:2      | Reached XP level 4. HP: 35/38 MP: 11/11
  1562 | D:2      | Found a sparkling altar of Nemelex Xobeh.
  1987 | D:3      | Reached skill level 1 in Conjurations
  1987 | D:3      | Reached skill level 1 in Hexes
  1987 | D:3      | Reached skill level 1 in Summonings
  1987 | D:3      | Reached skill level 1 in Necromancy
  1987 | D:3      | Reached skill level 1 in Transmutations
  1987 | D:3      | Reached skill level 1 in Fire Magic
  1987 | D:3      | Reached skill level 1 in Ice Magic
  1987 | D:3      | Reached skill level 1 in Air Magic
  1987 | D:3      | Reached skill level 1 in Earth Magic
  1987 | D:3      | Reached skill level 1 in Poison Magic
  2029 | D:3      | Found a burning altar of Makhleb.
  2029 | D:3      | Found a bloodstained altar of Trog.
  2472 | D:3      | Reached XP level 5. HP: 39/43 MP: 12/12
  2829 | D:4      | Noticed Sigmund
  2846 | D:4      | Killed Sigmund
  2847 | D:4      | Reached skill level 5 in Fighting
  2847 | D:4      | Reached skill level 5 in Axes
  2847 | D:4      | Reached skill level 5 in Dodging
  2847 | D:4      | Reached XP level 6. HP: 19/51 MP: 14/14
  3051 | D:4      | Noticed Menkaure
  3051 | D:4      | Noticed Pikel
  3075 | D:4      | Killed Pikel
  3076 | D:4      | Reached XP level 7. HP: 9/56 MP: 13/15
  3108 | D:4      | Killed from afar by Menkaure

Illustrated notes

Levels and vault maps discovered:
D:1:      dpeg_arrival_pits, layout_rooms
D:2:      layout_loops_ring, nemelex_xobeh_ov_fountains_minmay
D:3:      layout_loops_ring, gammafunk_temple_overflow_statue, minmay_bisected
D:4:      layout_gridville, pdpol_wu_jian_five_deadly_venoms, uniq_pikel,
          uniq_menkaure, uniq_sigmund, uniq_natasha

Skill      XL: |  1  2  3  4  5  6 |
---------------+-------------------+-----
Spellcasting   | 5 |  5.5
Invocations    | 1 2 |  2.6
Short Blades   | 1 2 |  2.3
Long Blades    | 1 2 |  2.3
Maces & Flails | 1 2 |  2.3
Polearms       | 1 2 |  2.3
Staves         | 1 2 |  2.3
Slings         | 1 2 |  2.3
Bows           | 1 2 |  2.3
Crossbows      | 1 2 |  2.3
Stealth        | 1 2 |  2.3
Shields        | 1 2 |  2.3
Unarmed Combat | 1 2 |  2.3
Evocations     | 1 2 |  2.3
Conjurations   | 1 |  1.9
Hexes          | 1 |  1.9
Summonings     | 1 |  1.9
Necromancy     | 1 |  1.9
Transmutations | 1 |  1.9
Fire Magic     | 1 |  1.9
Ice Magic      | 1 |  1.9
Air Magic      | 1 |  1.9
Earth Magic    | 1 |  1.9
Poison Magic   | 1 |  1.9
Fighting       | 5 |  5.2
Axes           | 5 |  5.2
Throwing       | 3 |  3.5
Armour         | 3 |  3.5
Dodging        | 5 |  5.2
Translocations | |  5.8

Action                   |  1- 3 |  4- 6 |  7- 9 || total
-------------------------+-------+-------+-------++-------
Melee: Hand axe          |    55 |       |       ||    55
       Bite              |     9 |    14 |       ||    23
       Dagger            |    43 |   119 |       ||   162
       Punch             |     1 |       |       ||     1
 Fire: Hunting sling     |    28 |    14 |       ||    42
 Cast: Blink             |     4 |     1 |       ||     5
       Gell's Gravitas   |       |     3 |       ||     3
  Use: Potion            |     1 |       |       ||     1
       Scroll            |       |     4 |       ||     4
Armor: Leather armour    |     8 |       |       ||     8
       Ring mail         |    30 |    42 |       ||    72
Dodge: Dodged            |    77 |    92 |       ||   169
Block: Other             |       |     4 |       ||     4
